 Dungeon Crawl Stone Soup version 0.27.1-2-g3b301248ec (webtiles) character file.

Game seed: 8507670647447264993

100 CuBeRJAN3 the Skirmisher (level 4, -2/29 HPs)
             Began as a Gargoyle Fighter on Oct 5, 2021.
             Slain by an orc (4 damage)
             ... on level 2 of the Dungeon.
             The game lasted 00:04:49 (2334 turns).

CuBeRJAN3 the Skirmisher (Gargoyle Fighter)         Turns: 2334, Time: 00:04:50

Health: -2/29      AC: 10    Str: 20    XL:     4   Next: 74%
Magic:  4/4        EV:  7    Int:  9    God:
Gold:   104        SH:  9    Dex:  9    Spells: 3/3 levels left

rFire    . . .     SeeInvis .   a - +0 flail
rCold    . . .     Faith    .   c - +0 kite shield
rNeg     + . .     Spirit   .   b - +0 scale mail
rPois    ∞         Reflect  .   (no helmet)
rElec    +         Harm     .   (no cloak)
rCorr    .         Rampage  .   (no gloves)
Will     .....                  (no boots)
Stlth    ..........             (no amulet)
HPRegen  0.09/turn              (no ring)
MPRegen  0.09/turn              (no ring)

@: no status effects
A: sickness immunity, AC +3, negative energy resistance 1, electricity
resistance, torment resistance 1, petrification resistance
a: no special abilities


You were on level 2 of the Dungeon.
You visited 1 branch of the dungeon, and saw 3 of its levels.

You collected 104 gold pieces.

Inventory:

Hand Weapons
 a - a +0 flail (weapon)
 h - a +0 hunting sling
Missiles
 d - 6 boomerangs (quivered)
Armour
 b - a +0 scale mail (worn)
 c - a +0 kite shield (worn)
Scrolls
 e - a scroll of vulnerability {unknown}
 f - a scroll of blinking {unknown}
 g - a scroll of identify {unknown}
 k - a scroll of teleportation {unknown}
Potions
 i - 2 potions of heal wounds {unknown}
 j - a potion of magic {unknown}


   Skills:
 * Level 4.3 Fighting
 * Level 3.2 Maces & Flails
 + Level 3.8 Armour
 + Level 3.7 Shields


You had 3 spell levels left.
You didn't know any spells.
Your spell library contained the following spells:

 Spells                   Type           Power      Damage    Failure   Level
 Gell's Gravitas          Tloc           0%         N/A       100%        3
 Teleport Other           Tloc           0%         N/A       100%        3
 Dispersal                Tloc           0%         N/A       100%        6


Dungeon Overview and Level Annotations

Branches:
Dungeon (3/15)

Altars:


Innate Abilities, Weirdness & Mutations

You are immune to sickness and miasma.
Your stone body is resilient. (AC +3)
You are immune to poison.
You resist negative energy. (rN+)
You are resistant to electric shocks. (rElec)
You are resistant to unholy torment.
You are immune to petrification.


Message History

Something hits you. The orc closely misses you.
The orc hits you but does no damage. Something hits you but does no damage.
In your confused state, you trip and fall back down the stairs.
The orc hits you but does no damage. x2
You hear some strange, mumbled words.
Something tries to affect you, but you resist.
Unknown command.
The orc hits you but does no damage. The orc hits you with a +0 club.
* * * LOW HITPOINT WARNING * * *
Something hits you.
* * * LOW HITPOINT WARNING * * *
You climb upwards.
Reactivating autopickup.
You feel less confused.
There is a stone staircase leading down here.
Deactivating autopickup; reactivate with Ctrl-A.
Your shield and scale mail prevent you from hitting something.
The orc hits you but does no damage. The orc barely misses you.
You block something's attack. You block the orc's attack.
The orc barely misses you.
Unknown command.
You miss something. Something hits you but does no damage.
The orc hits you with a +0 falchion.
* * * LOW HITPOINT WARNING * * *
You block the orc's attack.
You hear some strange, mumbled words.
Something tries to affect you, but you resist.
Unknown command.
You closely miss something. You block the orc's attack.
The orc hits you but does no damage. Something completely misses you.
You block the orc's attack.
You miss something. You block the orc's attack.
Something hits you but does no damage. The orc hits you but does no damage.
The orc hits you with a +0 falchion.
* * * LOW HITPOINT WARNING * * *
Something hits you but does no damage.
Unknown command.
The orc hits you with a +0 club.
You die...

#..........+..#.........#...#..
#..........#####........#...'..
#.<........# ###........#...#..
#..........# #..........#...#..
#..........# #........#######..
#..........# #........# ###
#..........# #o{......#
############ #.o......#
#@.......# #######
#######........# #......
#..............# #......
#..............# #....†.
#..............# #......
#.........###### #......
#.........# ####### #.........#
#.........#


You could see 2 orcs.

Vanquished Creatures
  3 adders (D:2)
  4 dart slugs
  An orc (D:2)
  7 endoplasms
  3 giant cockroaches
  4 hobgoblins
  3 quokkas (D:1)
  6 ball pythons
  3 bats
  4 frilled lizards
  9 goblins
  7 kobolds
  5 rats
59 creatures vanquished.

Notes
Turn   | Place    | Note
-------+----------+-------------------------------------------
     0 | D:1      | CuBeRJAN3 the Gargoyle Fighter began the quest for the Orb.
     0 | D:1      | Reached XP level 1. HP: 14/14 MP: 1/1
    84 | D:1      | Reached XP level 2. HP: 13/19 MP: 2/2
   569 | D:1      | Reached XP level 3. HP: 19/24 MP: 3/3
  1501 | D:2      | Reached skill level 4 in Fighting
  1593 | D:2      | Reached XP level 4. HP: 29/29 MP: 4/4
  2334 | D:2      | Slain by an orc

Illustrated notes

Levels and vault maps discovered:
D:1:      doesnt_arrival_eight_statues, layout_loops_corners,
          chequers_mini_garden, roderic_lattice_a, hangedman_decor_points,
          glass_columns_a
D:2:      layout_basic, minivault_23
D:3:      layout_loops_ring, kennysheep_donut, serial_bayou_lagoon_a,
          st_stairs_5, bh_walls_and_bars

Skill      XL: |  1  2  3  4 |
---------------+-------------+-----
Fighting       | 4 |  4.3
Maces & Flails | 3 |  3.2
Armour         | |  3.8
Shields        | |  3.7

Action                   |  1- 3 |  4- 6 || total
-------------------------+-------+-------++-------
Melee: Flail             |   108 |    94 ||   202
  Use: Potion            |     1 |       ||     1
Armor: Scale mail        |    53 |    77 ||   130
Dodge: Dodged            |    28 |    43 ||    71
Block: Kite shield       |    58 |    48 ||   106
